 Dungeon Crawl Stone Soup version 0.21.1-1-g345015f (webtiles) character file.

2086 Fuodd the Cleaver (level 9, 0/78 HPs)
             Began as a Minotaur Fighter on July 22, 2018.
             Was a Believer of Trog.
             Slain by a yak (5 damage)
             ... on level 8 of the Dungeon on July 24, 2018.
             The game lasted 01:19:36 (6885 turns).

Fuodd the Cleaver (Minotaur Fighter)                Turns: 6885, Time: 01:19:42

Health: 0/78       AC: 20    Str: 23    XL:     9   Next: 6%
Magic:  8/8        EV:  5    Int:  5    God:    Trog [**....]
Gold:   463        SH: 11    Dex: 11    Spells: 8/8 levels left

rFire    . . .     SeeInvis .   w - +0 war axe
rCold    . . .     Gourm    .   c - +0 shield
rNeg     . . .     Faith    .   y - +1 plate armour
rPois    .         Spirit   .   (helmet restricted)
rElec    .         Reflect  .   (no cloak)
rCorr    .         Harm     .   B - +0 pair of gloves
MR       .....                  (no boots)
Stlth    ..........             (no amulet)
HPRegen  0.23/turn              h - +5 ring of protection
MPRegen  0.11/turn              (no ring)

@: lethally poisoned (0 -> -1), berserk cooldown, slowed, very slow
A: retaliatory headbutt, horns 2
a: Berserk, Trog's Hand, Burn Spellbooks, Renounce Religion


You were on level 8 of the Dungeon.
You worshipped Trog.
Trog was pleased with you.
You were hungry.

You visited 2 branches of the dungeon, and saw 9 of its levels.

You collected 463 gold pieces.

Inventory:

Hand Weapons
 a - the +5 short sword of Destiny {freeze, +Rage MP+9}
   (You found it on level 5 of the Dungeon)

   It has been specially enchanted to freeze those struck by it, causing extra
   injury to most foes and up to half again as much damage against particularly
   susceptible opponents.
   It can also slow down cold-blooded creatures.
   It affects your magic capacity (+9).
   It lets you go berserk.
 w - a +0 war axe (weapon)
 A - a +3 shortbow
Armour
 c - a +0 shield (worn)
 y - a +1 plate armour (worn)
 B - a +0 pair of gloves (worn)
Jewellery
 h - a +5 ring of protection (left hand)
Wands
 s - a wand of flame (42)
 t - a wand of polymorph (23)
 C - a wand of random effects (13)
Scrolls
 b - 2 scrolls of enchant armour
 e - 5 scrolls of teleportation
 g - a scroll of fear {unknown}
 i - a scroll of remove curse
 j - a scroll of fog {unknown}
 k - 3 scrolls of blinking {unknown}
 u - a scroll of immolation {unknown}
 v - a scroll of noise {unknown}
 D - a scroll of random uselessness {unknown}
 F - a scroll of vulnerability {unknown}
Potions
 d - 2 potions of might
 m - a potion of degeneration {unknown}
 o - 2 potions of resistance
 p - 3 potions of curing
 q - 2 potions of flight {unknown}
 r - 3 potions of agility
 x - 2 potions of invisibility
 z - 2 potions of brilliance
 E - 2 potions of mutation
Comestibles
 f - 16 rations
 l - a chunk of flesh


   Skills:
 + Level 6.6 Fighting
 - Level 2.0 Short Blades
 + Level 9.1 Axes
 + Level 7.7 Armour
 + Level 1.1 Dodging
 + Level 0.2 Stealth
 + Level 7.1 Shields


You had 8 spell levels left.
You didn't know any spells.

Dungeon Overview and Level Annotations

Branches:
Dungeon (8/15)             Temple (1/1) D:6
   Lair: D:8-11

Altars:
Cheibriados
Dithmenos
Elyvilon
Fedhas
Gozag
Hepliaklqana
Kikubaaqudgha
Makhleb
Nemelex Xobeh
Okawaru
Qazlal
Ru
Sif Muna
Trog
Uskayaw
Vehumet
Wu Jian
Xom
Yredelemnul
Zin
The Shining One

Shops:
D:4 %[   D:7 %   D:8 *


Innate Abilities, Weirdness & Mutations

You reflexively headbutt those who attack you in melee.
You have a pair of horns on your head.


Message History

You feel sick.
Eat one of 2 chunks of flesh? (ye/n/q)
You eat one of the 2 chunks of flesh.
This raw flesh tastes terrible.
You are feeling hungry.
You feel sick. You block the crimson imp's attack. You block the yak's attack.
The crimson imp hits you but does no damage.
The yak gores you but does no damage.
Your unstable footing causes you to fumble your attack.
The yak gores you!
* * * LOW HITPOINT WARNING * * *
The yak gores you but does no damage. You block the crimson imp's attack.
The yak gores you but does no damage.
You barely miss the yak. You headbutt the yak!
The yak is heavily wounded.
You miss the crimson imp. You slash the yak!
You feel sick.
The crimson imp hits you but does no damage.
The yak gores you but does no damage. The yak gores you.
* * * LOW HITPOINT WARNING * * *
The yak gores you.
You die...

*,,,,,,,....∩.#####.#*,******,,,,
,,**,,,,............**.#*,,,,,,,,
,,**,,,,,..........,,...,,,****,,
,,,,,,,,,,#.......,*#≈#,,,,* ***
,,**,,,,,,#......#≈#≈≈*#*,.######
,,**,,*,**#...!..#≈≈≈≈≈≈*%.......
,,***,*,******#o##≈#≈≈#≈≈#.......
,,,,,,*,,*** #Y#≈≈≈≈≈≈≈≈#.......
**,*,,*,,,,** #Y@5#≈≈≈#≈≈#......#
*,*,**,,,,,**#.##≈≈≈≈≈≈##......#
*,*,,,,,8,,,*#..#≈≈#≈≈≈≈††.....#
*,*,,,,≈≈≈,,*#..≈##≈≈###$..#####
*,**,,,≈≈≈,,*#....≈≈##..÷.......
*,**,,,≈≈≈,,*#............######
*,**,,,≈≈≈,,*#####......#...#...
*,**,,,,,,,,* ####...##..#.##
*,**,,,,,,,** ##+#####....


You could see 2 yaks, a crimson imp and an orc.

Vanquished Creatures
  Sigmund (D:3)
  2 yaks (D:8)
  The ghost of cdecastro the Ruffian, an amateur DrTm of Qazlal (D:3)
  A sky beast (D:6)
  A hornet zombie (D:8)
  An ogre (D:5)
  A centaur (D:6)
  Blork the orc (D:5)
  A big kobold (D:5)
  3 bullfrogs
  2 water moccasin skeletons
  An electric eel (D:8)
  2 crimson imps
  2 bullfrog zombies
  3 hounds
  A bullfrog skeleton (D:5)
  An orc priest (D:6)
  Jessica (D:3)
  An iguana (D:5)
  3 orc wizards
  A worker ant (D:8)
  A killer bee zombie (D:7)
  2 worker ant zombies
  3 gnolls (D:6)
  10 adders
  2 adder zombies (D:5)
  An adder skeleton (D:5)
  5 worms
  4 dart slugs
  A leopard gecko (D:7)
  11 orcs
  2 giant cockroaches (D:5)
  9 goblins
  8 hobgoblins
  8 jackals
  3 ball pythons
  14 bats
  4 frilled lizards
  12 kobolds
  7 rats
  A plant (D:7)
139 creatures vanquished.

Notes
Turn   | Place    | Note
-------+----------+-------------------------------------------
     0 | D:1      | Fuodd the Minotaur Fighter began the quest for the Orb.
     0 | D:1      | Reached XP level 1. HP: 19/19 MP: 0/0
   119 | D:1      | Reached XP level 2. HP: 27/27 MP: 1/1
   693 | D:2      | Reached XP level 3. HP: 27/33 MP: 2/2
   973 | D:2      | Found a faded altar of an unknown god.
  1089 | D:2      | Reached skill level 3 in Axes
  1435 | D:3      | Noticed Sigmund
  1570 | D:3      | Noticed Jessica
  1582 | D:3      | Reached XP level 4. HP: 28/40 MP: 3/3
  1599 | D:3      | Killed Jessica
  1783 | D:3      | Noticed cdecastro's ghost (amateur DrTm)
  1862 | D:3      | Killed cdecastro's ghost
  1862 | D:3      | Reached skill level 4 in Axes
  1862 | D:3      | Reached skill level 5 in Armour
  1862 | D:3      | Reached skill level 5 in Shields
  1862 | D:3      | Reached XP level 5. HP: 17/47 MP: 4/4
  2297 | D:4      | Found Xoinuvo's Antique Armour Emporium.
  2553 | D:4      | Found a blossoming altar of Fedhas.
  2830 | D:4      | Found Iddang Bays's Food Boutique.
  3014 | D:4      | Found a bloodstained altar of Trog.
  3038 | D:4      | Became a worshipper of Trog the Wrathful
  3342 | D:3      | Killed Sigmund
  3342 | D:3      | Reached skill level 5 in Axes
  3342 | D:3      | Reached XP level 6. HP: 8/53 MP: 5/5
  3714 | D:3      | Found a sparkling altar of Nemelex Xobeh.
  3865 | D:5      | Entered Level 5 of the Dungeon
  4039 | D:5      | Got an ichor-stained short sword
  4048 | D:5      | Identified the +5 short sword of Destiny {freeze, +Rage MP+9} (You found it on level 5 of the Dungeon)
  4095 | D:5      | Reached XP level 7. HP: 51/60 MP: 6/6
  4136 | D:5      | Reached skill level 5 in Fighting
  4189 | D:5      | Reached skill level 1 in Short Blades
  4195 | D:5      | Reached * piety under Trog
  4441 | D:5      | Found an ornate altar of the Wu Jian Council.
  4615 | D:5      | Noticed Blork the orc
  4637 | D:5      | Killed Blork the orc
  4661 | D:5      | Reached skill level 6 in Axes
  4984 | D:5      | Reached XP level 8. HP: 64/69 MP: 7/7
  4996 | D:6      | Reached skill level 7 in Axes
  5056 | D:6      | Found a staircase to the Ecumenical Temple.
  5297 | Temple   | Entered the Ecumenical Temple
  5575 | D:6      | Reached ** piety under Trog
  6203 | D:7      | Reached skill level 8 in Axes
  6345 | D:7      | Reached skill level 1 in Dodging
  6444 | D:7      | Found a radiant altar of Vehumet.
  6449 | D:7      | Found Deonov's Food Shoppe.
  6450 | D:7      | Found a basalt altar of Yredelemnul.
  6450 | D:7      | Found a glowing silver altar of Zin.
  6601 | D:7      | Found a burning altar of Makhleb.
  6836 | D:8      | Found Womel's Assorted Antiques.
  6865 | D:8      | Reached skill level 9 in Axes
  6865 | D:8      | Reached XP level 9. HP: 36/78 MP: 8/8
  6885 | D:8      | Slain by a yak

Skill      XL: |  1  2  3  4  5  6  7  8 |
---------------+-------------------------+-----
Shields        | 4 5 6 7 |  7.1
Fighting       | 4 5 6 |  6.6
Armour         | 4 5 6 7 |  7.7
Axes           | 3 4 5 6 9 |  9.1
Short Blades   | 2 |  2.0
Dodging        | 1 |  1.1
Stealth        | |  0.2

Action                   |  1- 3 |  4- 6 |  7- 9 || total
-------------------------+-------+-------+-------++-------
Melee: War axe           |    98 |   123 |   222 ||   443
       Headbutt          |    16 |    19 |    49 ||    84
       Short sword       |       |    21 |    16 ||    37
Invok: Burn Spellbooks   |       |       |     1 ||     1
       Berserk           |       |       |     1 ||     1
       Trog's Hand       |       |       |     1 ||     1
  Use: Scroll            |       |     8 |     4 ||    12
  Eat: Chunk             |     2 |     8 |    10 ||    20
Armor: Scale mail        |    25 |       |       ||    25
       Chain mail        |    37 |    25 |       ||    62
       Plate armour      |       |    29 |   139 ||   168
Dodge: Dodged            |    32 |    30 |    47 ||   109
Block: Shield            |    57 |    86 |   131 ||   274
